 Dungeon Crawl Stone Soup version 0.18.1-48-g4cf74bf (webtiles) character file.

279 dearth the Chopper (level 6, -9/53 HPs)
             Began as a Hill Orc Fighter on Aug 5, 2016.
             Mangled by simples's ghost (12 damage)
             ... on level 4 of the Dungeon.
             The game lasted 00:06:21 (2809 turns).

dearth the Chopper (Hill Orc Fighter)               Turns: 2809, Time: 00:06:22

Health: -9/53      AC: 10    Str: 26    XL:     6   Next: 26%
Magic:  6/6        EV:  8    Int:  8    God:
Gold:   138        SH: 10    Dex: 10    Spells: 0 memorised, 5 levels left

rFire  . . .     SeeInvis .     a - +0 war axe
rCold  + . .     Gourm    .     b - +0 scale mail
rNeg   . . .     Faith    .     c - +0 shield
rPois  .         Spirit   .     u - +2 helmet of Calculation {*Corrode rC+ MR+}
rElec  .         Dismiss  .     (no cloak)
rCorr  .         Reflect  .     (no gloves)
SustAt .         Harm     .     (no boots)
MR     +....                    (no amulet)
Stlth  ..........               (no ring)
                                (no ring)

@: mighty, somewhat resistant to hostile enchantments, extremely unstealthy
A: no striking features
a: no special abilities


You were on level 4 of the Dungeon.
You were hungry.

You visited 1 branch of the dungeon, and saw 4 of its levels.

You collected 138 gold pieces.

Inventory:

Hand Weapons
 a - a +0 war axe (weapon)
Armour
 b - a +0 scale mail (worn)
 c - a +0 shield (worn)
 u - the +2 helmet of Calculation (worn) {*Corrode rC+ MR+}
   (You found it on level 3 of the Dungeon)

   It protects you from cold.
   It affects your resistance to hostile enchantments.
   It may corrode you when you take damage.
Wands
 t - a wand of digging (7/24)
Scrolls
 e - a scroll of fog {unknown}
 g - 3 scrolls of identify {unknown}
 h - 3 scrolls of teleportation {unknown}
 j - 3 scrolls of remove curse {unknown}
 o - a scroll of magic mapping {unknown}
 p - a scroll of enchant armour {unknown}
Potions
 i - a potion of experience {unknown}
 k - 4 potions of haste {unknown}
 l - 3 potions of heal wounds {unknown}
 m - a potion of flight {unknown}
 n - a potion of ambrosia {unknown}
 q - a potion of resistance {unknown}
 r - a potion of agility {unknown}
 s - a potion of lignification {unknown}
Books
 v - a Grand Grimoire

   Spells                             Type                      Level
   a - Monstrous Menagerie            Summoning                    7
   b - Summon Greater Demon           Summoning                    7
   c - Malign Gateway                 Summoning/Translocation      7
   d - Summon Horrible Things         Summoning                    8
Comestibles
 f - 2 bread rations
 w - a beef jerky


   Skills:
 + Level 4.6 Fighting
 * Level 5.8 Axes
 + Level 4.1 Armour
 + Level 4.8 Shields


You had 5 spell levels left.
You didn't know any spells.

Dungeon Overview and Level Annotations

Branches:
Dungeon (4/15)
 Temple: D:4-7

Altars:
Sif Muna

Annotations:
D:4 simples's ghost, amateur HOFi


Message History

* * * LOW HITPOINT WARNING * * *
Simples's ghost hits you!
* * * LOW HITPOINT WARNING * * *
You barely miss simples's ghost.
Simples's ghost is heavily damaged.
Simples's ghost closely misses you.
You completely miss simples's ghost.
Simples's ghost is heavily damaged.
You block simples's ghost's attack.
You closely miss simples's ghost.
Simples's ghost is heavily damaged.
You block simples's ghost's attack.
You slash simples's ghost!
Simples's ghost is severely damaged.
Simples's ghost hits you but does no damage.
You block simples's ghost's attack.
You closely miss simples's ghost.
Simples's ghost is severely damaged.
Simples's ghost hits you!
You die...

#. ##.## .. ...### #.
.....####.. . #........#
#. ..# #.....W#### ..[
....####......@..####...#
#.[....รท.#...#)#....#
####........[...[...#
#..###......))....#
####.## #.....#..#......
####....#
##...###...#####
.....#### #......#....
###### ......#. ..###
#.#..#..#.....


You could see simples's ghost.

Vanquished Creatures
  The ghost of Heedrag the Conjurer, an amateur DECj (D:3)
  A crimson imp (D:3)
  2 orc wizards
  Robin (D:3)
  An adder (D:2)
  An ooze (D:3)
  3 worms
  2 giant geckos
  8 orcs
  3 giant cockroaches (D:1)
  17 goblins
  6 hobgoblins
  6 kobolds
  5 quokkas
  2 ball pythons
  9 bats
  A giant gecko skeleton (D:4)
  2 giant newts
  6 rats
77 creatures vanquished.

Notes
Turn   | Place    | Note
--------------------------------------------------------------
     0 | D:1      | dearth the Hill Orc Fighter began the quest for the Orb.
     0 | D:1      | Reached XP level 1. HP: 19/19 MP: 1/1
   163 | D:1      | Reached XP level 2. HP: 27/27 MP: 2/2
   234 | D:1      | Reached skill level 3 in Axes
   794 | D:2      | Reached XP level 3. HP: 31/33 MP: 3/3
  1411 | D:2      | Found a deep blue altar of Sif Muna.
  1749 | D:2      | Reached XP level 4. HP: 35/40 MP: 4/4
  1846 | D:3      | Reached skill level 4 in Axes
  1952 | D:3      | Reached XP level 5. HP: 37/46 MP: 5/5
  2142 | D:3      | Noticed Robin
  2152 | D:3      | Reached skill level 5 in Axes
  2476 | D:3      | Noticed Heedrag's ghost (amateur DECj)
  2490 | D:3      | Killed Heedrag's ghost
  2491 | D:3      | Reached XP level 6. HP: 46/53 MP: 6/6
  2496 | D:3      | Killed Robin
  2511 | D:3      | Got a bloodstained helmet
  2517 | D:3      | Identified the +2 helmet of Calculation {*Corrode rC+ MR+} (You found it on level 3 of the Dungeon)
  2792 | D:4      | Noticed simples's ghost (amateur HOFi)
  2804 | D:4      | HP: 2/53 [simples's ghost (12)]
  2809 | D:4      | Mangled by simples's ghost

Skill      XL: |  1  2  3  4  5 |
---------------+----------------+-----
Axes           | 3 4 5 |  5.8
Fighting       | 4 |  4.6
Shields        | 4 |  4.8
Armour         | 4 |  4.1

Action                   |  1- 3 |  4- 6 || total
-------------------------+-------+-------++-------
Melee: War axe           |   120 |   131 ||   251
  Use: Potion            |       |     1 ||     1
  Eat: Chunk             |     3 |     3 ||     6
Armor: Scale mail        |    48 |    59 ||   107
Dodge: Dodged            |    32 |    45 ||    77
Block: Shield            |    78 |    81 ||   159
